 Dungeon Crawl Stone Soup version 0.29.1-13-g9f3cf754e1 (webtiles) character file.

Game seed: 34144460638602169

7 LustLizard the Shield-Bearer (level 1, -1/22 HPs)
             Began as a Troll Fighter on Jan 20, 2023.
             Slain by a kobold
             ... wielding a +0 whip
              (5 damage)
             ... on level 1 of the Dungeon.
             The game lasted 00:00:26 (105 turns).

LustLizard the Shield-Bearer (Troll Fighter)         Turns: 105, Time: 00:00:27

Health: -1/22      AC:  4    Str: 23    XL:     1   Next: 91%
Magic:  0/0        EV:  8    Int:  4    God:
Gold:   15         SH:  7    Dex:  9    Spells: 0/0 levels left

rFire   . . .      SeeInvis .     - Unarmed
rCold   . . .      Faith    .   b - +0 kite shield
rNeg    . . .      Spirit   .   a - +0 robe
rPois   .          Reflect  .   (helmet restricted)
rElec   .          Harm     .   (no cloak)
rCorr   .          Rampage  .   (gloves unavailable)
Will    .....                   (boots unavailable)
Stlth   +.........              (no amulet)
HPRegen 0.87/turn               (no ring)
MPRegen 0.07/turn               (no ring)

@: no status effects
A: large, unfitting armour, claws 3, regeneration 1, shaggy fur 1, tough skin 1
a: no special abilities


You were on level 1 of the Dungeon.
You visited 1 branch of the dungeon, and saw 1 of its levels.

You collected 15 gold pieces.

Inventory:

Armour
 a - a +0 robe (worn)
 b - a +0 kite shield (worn)
Scrolls
 d - a scroll of enchant weapon {unknown}
 e - 2 scrolls of identify {unknown}
 f - 3 scrolls of blinking {unknown}
Potions
 c - a potion of might


   Skills:
 + Level 2.5 Fighting
 - Level 2.4 Dodging
 + Level 2.8 Shields
 * Level 2.3 Unarmed Combat


You couldn't memorise any spells.
You didn't know any spells.
Your spell library was empty.

Dungeon Overview and Level Annotations

Branches:
Dungeon (1/15)

Altars:


Innate Abilities, Weirdness & Mutations

You are too large for most types of armour.
You have claws for hands.
Your natural rate of healing is unusually fast.
You are covered in fur. (AC +1)
You have tough skin. (AC +1)


Message History

You closely miss the hobgoblin.
The hobgoblin is almost dead.
The kobold hits you with a +0 whip. The hobgoblin hits you.
You closely miss the hobgoblin.
The hobgoblin is almost dead.
The hobgoblin barely misses you. The kobold hits you but does no damage.
The endoplasm hits you but does no damage.
You claw the hobgoblin!
You kill the hobgoblin!
The kobold hits you but does no damage. The endoplasm hits you.
You scratch the endoplasm but do no damage.
You block the kobold's attack. The endoplasm freezes you.
You are frozen.
You barely miss the endoplasm. The kobold barely misses you.
The endoplasm freezes you.
You are frozen.
You completely miss the endoplasm. The endoplasm freezes you.
You are frozen.
The kobold hits you but does no damage.
You are too injured to fight recklessly!
You are too injured to fight recklessly!
You are too injured to fight recklessly!
You are too injured to fight recklessly!
You are too injured to fight recklessly!
You scratch the endoplasm but do no damage.
The kobold hits you with a +0 whip. You block the endoplasm's attack.
You barely miss the endoplasm. The endoplasm freezes you.
You are frozen.
* * * LOW HITPOINT WARNING * * *
The kobold hits you but does no damage.
You barely miss the endoplasm. You block the kobold's attack.
The endoplasm freezes you.
You are frozen.
* * * LOW HITPOINT WARNING * * *
You scratch the endoplasm.
The endoplasm is severely wounded.
The kobold hits you with a +0 whip.
You die...

...## ##..# .$.....
###'##### .......
........# .......
........# .......
.⌠...⌠..# .......
........#. ....+
...<....+.###+###J...#.#
........#.......@......#
.⌠...⌠..#.......#K......
........#.......#.......
........#..)...#########
###+#####.....)# .....#
#.#...## ..#.#####.#...#
#.#...........###
..#####..###....#


You could see an endoplasm and a kobold.

Vanquished Creatures
  A giant cockroach (D:1)
  2 hobgoblins (D:1)
  A quokka (D:1)
  A goblin (D:1)
  A kobold (D:1)
  A rat (D:1)
7 creatures vanquished.

Notes
Turn   | Place    | Note
-------+----------+-------------------------------------------
     0 | D:1      | LustLizard the Troll Fighter began the quest for the Orb.
     0 | D:1      | Reached XP level 1. HP: 22/22 MP: 0/0
   105 | D:1      | Slain by a kobold

Illustrated notes

Levels and vault maps discovered:
D:1:      mushboom_english_gardens, layout_basic,
          hellmonk_ecumenical_altar_run_dry

Action                   || total
-------------------------++-------
Melee: Unarmed           ||    24
Armor: Robe              ||    10
Dodge: Dodged            ||     8
Block: Kite shield       ||     8
